 Dungeon Crawl Stone Soup version 0.21-a0-143-g1ab7d47 (webtiles) character file.

332 Kurtz the Magician (level 6, -2/32 HPs)
             Began as a Kobold Ice Elementalist on July 25, 2017.
             Slain by a river rat (7 damage)
             ... on level 3 of the Dungeon.
             The game lasted 00:06:34 (3178 turns).

Kurtz the Magician (Kobold Ice Elementalist)        Turns: 3178, Time: 00:06:35

Health: -2/32      AC:  2    Str:  5    XL:     6   Next: 82%
Magic:  9/12       EV: 15    Int: 18    God:
Gold:   76         SH:  0    Dex: 16    Spells: 4/14 levels left

rFire    . . .     SeeInvis .   d - +0 hand axe (flame)
rCold    . . .     Gourm    .   (shield restricted)
rNeg     . . .     Faith    .   a - +0 robe
rPois    +         Spirit   .   (no helmet)
rElec    .         Reflect  .   (no cloak)
rCorr    .         Harm     .   (no gloves)
MR       .....                  (no boots)
Stlth    ++........             k - amulet of magic regeneration
HPRegen  0.10/turn              i - ring of poison resistance
MPRegen  0.38/turn              (no ring)

@: very slightly contaminated, very slow
A: carnivore 3
a: no special abilities


You were on level 3 of the Dungeon.
You were completely stuffed.

You visited 1 branch of the dungeon, and saw 3 of its levels.

You collected 76 gold pieces.

Inventory:

Hand Weapons
 d - a +0 hand axe of flaming (weapon)
 n - a +0 dagger of protection
Armour
 a - a +0 robe (worn)
 f - a +0 leather armour
Jewellery
 i - a ring of poison resistance (left hand)
 k - an amulet of magic regeneration (around neck)
Scrolls
 e - a scroll of remove curse
 h - a scroll of random uselessness {unknown}
 m - a scroll of teleportation
 s - a scroll of enchant weapon
Potions
 o - a potion of heal wounds {unknown}
 p - a potion of magic {unknown}
 r - a potion of curing {unknown}
 t - a potion of mutation {unknown}
Books
 b - a book of Frost

   Spells                             Type                      Level
   a - Freeze                         Ice                          1
   b - Throw Frost                    Conjuration/Ice              2
   c - Ozocubu's Armour               Charms/Ice                   3
   d - Throw Icicle                   Conjuration/Ice              4
   e - Summon Ice Beast               Ice/Summoning                4
Comestibles
 c - a meat ration
 g - 8 chunks of flesh


   Skills:
 * Level 2.0 Axes
 - Level 2.4 Dodging
 + Level 3.8 Stealth
 * Level 4.6 Spellcasting
 - Level 1.0 Conjurations
 * Level 4.5 Ice Magic


You had 4 spell levels left.
You knew the following spells:

 Your Spells              Type           Power        Failure   Level  Hunger
a - Freeze                Ice            ###.         2%          1    None
b - Ozocubu's Armour      Chrm/Ice       ##......     16%         3    ###....
c - Throw Frost           Conj/Ice       ##....       7%          2    #......
d - Throw Icicle          Conj/Ice       ##......     41%         4    ####...


Dungeon Overview and Level Annotations

Branches:
Dungeon (3/15)

Altars:
Elyvilon
Ru


Innate Abilities, Weirdness & Mutations

You are small and have problems with some larger weapons.
You are carnivorous and can eat meat at any time.


Message History

You miscast Freeze.
Nothing appears to happen.
The river rat bites you!
* * * LOW HITPOINT WARNING * * *
Casting: Freeze
Confirm with . or Enter, or press ? or * to list all spells.
Aiming: Freeze
Press: ? - help, Shift-Dir - straight line, f/p - river rat
Aim: a river rat You freeze the river rat.
The river rat is moderately wounded.
The river rat closely misses you.
Unknown command.
Casting: Freeze
Confirm with . or Enter, or press ? or * to list all spells.
Aiming: Freeze
Press: ? - help, Shift-Dir - straight line, f/p - river rat
Aim: a river rat (moderately wounded)
You freeze the river rat.
The river rat is heavily wounded.
The river rat bites you!
You die...

#... ############
#####.........##
########.............'.
#....................##
#.##.†.........#####.#.
#####.##.###....##.#
#.#.
#.......############
#.#. #.##...†#≈@≈# #.#
#...†#≈#r# #.#
#.(.≈#≈#≈# ...
#..≈≈≈≈#r≈ #####.##
##..≈#≈#≈## #.......
.......≈≈≈#≈≈ #.....##
........#≈### #.....o.
#####..≈≈≈# #.....).
....≈≈# ####.###


You could see a river rat and a rat.

Vanquished Creatures
  2 orc priests
  4 orc wizards
  3 adders
  4 gnolls (D:3)
  2 river rats (D:3)
  5 worms
  2 dart slugs
  2 leopard geckos (D:2)
  5 orcs
  6 bats
  A giant cockroach (D:2)
  A goblin (D:2)
  5 hobgoblins
  3 jackals (D:1)
  3 kobolds (D:1)
  2 ball pythons (D:2)
  5 frilled lizards
  8 rats
63 creatures vanquished.

Notes
Turn   | Place    | Note
-------+----------+-------------------------------------------
     0 | D:1      | Kurtz the Kobold Ice Elementalist began the quest for the Orb.
     0 | D:1      | Reached XP level 1. HP: 10/10 MP: 3/3
   250 | D:1      | Reached XP level 2. HP: 15/15 MP: 5/5
   812 | D:2      | Reached XP level 3. HP: 13/19 MP: 0/6
   969 | D:2      | Found a sacrificial altar of Ru.
   974 | D:2      | Reached skill level 1 in Axes
   974 | D:2      | Reached XP level 4. HP: 22/24 MP: 2/8
  1040 | D:2      | Found a white marble altar of Elyvilon.
  2137 | D:1      | Reached XP level 5. HP: 11/28 MP: 5/10
  2562 | D:2      | Learned a level 3 spell: Ozocubu's Armour
  2565 | D:2      | Learned a level 2 spell: Throw Frost
  2570 | D:2      | Learned a level 4 spell: Throw Icicle
  2615 | D:3      | Reached XP level 6. HP: 32/32 MP: 2/11
  3178 | D:3      | Slain by a river rat

Vault maps used:
D:1:      dpeg_arrival_arbitrary_b, st_stairs_7
D:2:      nicolae_ru_great_annihilating_truth, elyvilon_altar_1
D:3:      lightli_sewer_entry_pipes

Skill      XL: |  1  2  3  4  5  6 |
---------------+-------------------+-----
Axes           | 1 2 |  2.0
Stealth        | 3 |  3.8
Spellcasting   | 3 4 |  4.6
Ice Magic      | 4 |  4.5
Dodging        | |  2.4
Conjurations   | |  1.0

Action                   |  1- 3 |  4- 6 || total
-------------------------+-------+-------++-------
Melee: Hand axe          |    44 |    84 ||   128
       Unarmed           |     1 |       ||     1
       Dagger            |       |     7 ||     7
 Cast: Freeze            |    16 |    72 ||    88
       Ozocubu's Armour  |       |     2 ||     2
  Use: Scroll            |       |     4 ||     4
       Potion            |       |     2 ||     2
 Stab: Sleeping          |     4 |     4 ||     8
       Distracted        |     1 |       ||     1
       Invisible         |       |     1 ||     1
       Paralysed         |       |     1 ||     1
  Eat: Chunk             |     7 |     9 ||    16
Armor: Robe              |     6 |    18 ||    24
       Leather armour    |     2 |       ||     2
       Skin              |       |    21 ||    21
Dodge: Dodged            |    46 |    82 ||   128
